 Dungeon Crawl Stone Soup version 0.28.0-43-g3370ac3207 (webtiles) character file.

Game seed: 2376819632840715421

44 tizbic2 the Skirmisher (level 3, -1/37 HPs)
             Began as an Ogre Brigand on Mar 6, 2022.
             Was a Follower of Vehumet.
             Slain by Terence
             ... wielding a +0 short sword
              (5 damage)
             ... on level 2 of the Dungeon.
             The game lasted 00:08:58 (1394 turns).

tizbic2 the Skirmisher (Ogre Brigand)               Turns: 1394, Time: 00:08:59

Health: -1/37      AC:  4    Str: 15    XL:     3   Next: 60%
Magic:  0/3        EV:  9    Int: 14    God:    Vehumet [*.....]
Gold:   130        SH:  0    Dex: 10    Spells: 0/2 levels left

rFire   . . .      SeeInvis .   a - +2 dagger
rCold   . . .      Faith    .   g - orb {guile}
rNeg    . . .      Spirit   .   b - +0 robe
rPois   .          Reflect  .   (helmet restricted)
rElec   .          Harm     .   c - +0 cloak
rCorr   .          Rampage  .   (gloves unavailable)
Will    .....                   (boots unavailable)
Stlth   ++........              (no amulet)
HPRegen 0.12/turn               (no ring)
MPRegen 0.08/turn               (no ring)

@: very slightly contaminated
A: large, unfitting armour, tough skin 1
a: Renounce Religion


You were on level 2 of the Dungeon.
You worshipped Vehumet.
Vehumet was aware of your devotion.
You visited 1 branch of the dungeon, and saw 2 of its levels.

You collected 130 gold pieces.

Inventory:

Hand Weapons
 a - a +2 dagger (weapon)
Missiles
 d - 8 poisoned darts (quivered)
 e - a curare-tipped dart
 f - a throwing net
Armour
 b - a +0 robe (worn)
 c - a +0 cloak (worn)
 g - an orb of guile (worn)
Magical Staves
 l - a staff of air
Scrolls
 h - a scroll of identify {unknown}
 i - a scroll of immolation {unknown}
Potions
 j - a potion of magic {unknown}
 k - a potion of lignification {unknown}


   Skills:
 + Level 3.3 Fighting
 - Level 1.7 Short Blades
 + Level 2.7 Throwing
 - Level 0.8 Dodging
 - Level 2.9 Stealth
 * Level 1.7 Shields


You couldn't memorise any spells.
You knew the following spells:

 Your Spells              Type           Power      Damage    Failure   Level
a - Summon Small Mammal   Summ           0%         N/A       28%         1
b - Freeze                Ice            0%         1d3       28%         1

Your spell library contained the following spells:

 Spells                   Type           Power      Damage    Failure   Level
 Animate Skeleton         Necr           0%         N/A       28%         1
 Apportation              Tloc           0%         N/A       28%         1
 Gell's Gravitas          Tloc           0%         N/A       65%         3
 Lesser Beckoning         Tloc           0%         N/A       65%         3
 Teleport Other           Tloc           0%         N/A       65%         3


Dungeon Overview and Level Annotations

Branches:
Dungeon (2/15)

Altars:
Vehumet

Annotations:
D:2 Jessica, Terence


Innate Abilities, Weirdness & Mutations

You are too large for most types of armour.
You have tough skin. (AC +1)


Message History

Terence barely misses your bat.
Your bat hits Terence. Something closely misses your bat.
You see here a hobgoblin corpse.
Your bat closely misses Terence. x2; Terence misses your bat.
Your bat barely misses Terence.
Terence hits your bat with a +0 short sword.
Your bat dies!
Your bat's corpse disappears in a puff of smoke!
Terence shouts!
Casting: Freeze (safe; 28% risk of failure)
Confirm with . or Enter, or press ? or * to list all spells.
Your bat hits Terence but does no damage.
Terence hits your bat with a +0 short sword.
Your bat dies!
Your bat's corpse disappears in a puff of smoke!
Terence looks scornfully at you.
You are too injured to fight recklessly!
Throw: 2 darts (curare)
Press: ? - help, Shift-Dir - straight line, f/p - Terence
Aim: Terence, wielding a +0 short sword and wearing a +0 ring mail (heavily wounded, 61% to hit)
You throw a curare-tipped dart.
The curare-tipped dart closely misses Terence.
You hit Terence.
Terence is severely wounded.
Terence hits you with a +0 short sword.
* * * LOW HITPOINT WARNING * * *
Casting: Summon Small Mammal (safe; 28% risk of failure)
Confirm with . or Enter, or press ? or * to list all spells.
Aiming: Freeze (safe; 28% risk of failure)
Press: ? - help, Shift-Dir - straight line, f/p - Terence
Aim: Terence, wielding a +0 short sword and wearing a +0 ring mail (severely wounded)
You miscast Freeze.
You are very lightly contaminated with residual magic.
Nothing appears to happen.
Terence hits you with a +0 short sword.
* * * LOW HITPOINT WARNING * * *
You hit Terence but do no damage.
Terence is severely wounded.
Terence screams, "I want your blood!" Terence hits you with a +0 short sword.
You die...

#.## #)# #..# #.# ##### ##†# #.#
#...# #.###.####.#.#
#..##.##..)#.# ####
######.##.##.###.# ...####
#.....(......#<#.# ......#
#.....@...####.#.##### ......#
#.....@...##...#.....# ......#
#.....#...##.###.....# ....†.###
#.###.#...##.# #.....## .....@..#
#.#...#...##.###.......
....###.###.###.#.#.##.........##
...)# #.....# #.#.#.#######....#
..#.# #...### #.#.#>. .......##
....# #†..# #.#...##########...
....# #...# #.#...#.[....# ##.#


You could see Terence.

Vanquished Creatures
  A worm (D:2)
  2 dart slugs (D:1)
  An orc (D:2)
  2 endoplasms
  2 giant cockroaches
  3 goblins
  5 hobgoblins
  3 kobolds (D:2)
  A quokka (D:1)
  2 ball pythons
  4 bats (D:2)
  2 frilled lizards (D:1)
  2 rats (D:1)
30 creatures vanquished.

Vanquished Creatures (collateral kills)
  An endoplasm (D:2)
  A ball python (D:2)
2 creatures vanquished.

Grand Total: 32 creatures vanquished

Notes
Turn   | Place    | Note
-------+----------+-------------------------------------------
     0 | D:1      | tizbic2 the Ogre Brigand began the quest for the Orb.
     0 | D:1      | Reached XP level 1. HP: 22/22 MP: 1/1
   137 | D:1      | Reached XP level 2. HP: 27/29 MP: 2/2
   358 | D:1      | Learned a level 1 spell: Summon Small Mammal
   367 | D:1      | Reached skill level 3 in Fighting
   389 | D:1      | Found a faded altar of an unknown god.
   413 | D:1      | Reached skill level 1 in Shields
   820 | D:1      | Prayed at the altar of an unknown god.
   820 | D:1      | Became a worshipper of Vehumet
   820 | D:1      | Reached * piety under Vehumet
   820 | D:1      | Offered knowledge of Freeze by Vehumet.
   975 | D:2      | Reached XP level 3. HP: 28/37 MP: 3/3
   994 | D:2      | Learned a level 1 spell: Freeze
  1268 | D:2      | Noticed Terence
  1268 | D:2      | Noticed Jessica
  1394 | D:2      | Slain by Terence

Illustrated notes

Levels and vault maps discovered:
D:1:      minmay_arrival_shoal_huts, layout_basic,
          hellmonk_ecumenical_altar_pennies_from_heaven, grunt_decor_clamped,
          chequers_serial_rivers_micro_e
D:2:      layout_basic, uniq_terence, uniq_jessica

Skill      XL: |  1  2 |
---------------+-------+-----
Fighting       | 3 |  3.3
Shields        | 1 |  1.7
Short Blades   | |  1.7
Throwing       | |  2.7
Dodging        | |  0.8
Stealth        | |  2.9

Action                   || total
-------------------------++-------
Melee: Dagger            ||   103
Throw: Dart              ||     9
 Cast: Summon Small Mamm ||     7
       Freeze            ||     4
 Stab: Sleeping          ||     4
Armor: Robe              ||    41
Dodge: Dodged            ||    39
